 Dungeon Crawl Stone Soup version 0.25-a0-869-g05d4e06a41 (webtiles) character file.

Game seed: 17390716401024223520, levelgen mode: classic

5313 Amnesiac the Frost Mage (level 10, 0/50 HPs)
             Began as a Deep Elf Ice Elementalist on May 1, 2020.
             Was a Priest of Vehumet.
             Slain by a vampire (8 damage)
             ... on level 9 of the Dungeon.
             The game lasted 00:20:12 (8737 turns).

Amnesiac the Frost Mage (Deep Elf Ice Elementalist) Turns: 8737, Time: 00:20:13

Health: 0/50       AC:  5    Str:  5    XL:     10   Next: 37%
Magic:  27/27      EV: 13    Int: 24    God:    Vehumet [***...]
Gold:   560        SH:  0    Dex: 15    Spells: 12/32 levels left

rFire    . . .     SeeInvis .   I - staff of air
rCold    . . .     Gourm    .   (no shield)
rNeg     . . .     Faith    .   E - +0 robe (curse)
rPois    .         Spirit   .   r - +0 helmet
rElec    +         Reflect  .   G - +0 cloak
rCorr    .         Harm     .   (no gloves)
MR       +....                  s - +0 pair of boots
Stlth    ++........             (no amulet)
HPRegen  0.16/turn              (no ring)
MPRegen  0.20/turn              (no ring)

@: no status effects
A: no striking features
a: Renounce Religion


You were on level 9 of the Dungeon.
You worshipped Vehumet.
Vehumet was most pleased with you.
You were not hungry.

You visited 2 branches of the dungeon, and saw 10 of its levels.

You collected 560 gold pieces.

Inventory:

Hand Weapons
 a - a +0 long sword
 F - a cursed -2 whip
Missiles
 h - 42 poisoned darts (quivered)
Armour
 j - the +0 leather armour of the Unbroken {rC+ Str+4}
   (You found it on level 5 of the Dungeon)

   It affects your strength (+4).
   It protects you from cold.
 r - a +0 helmet (worn)
 s - a +0 pair of boots (worn)
 E - a cursed +0 robe (worn)
 G - a +0 cloak (worn)
Magical Staves
 I - an uncursed staff of air (weapon)
Jewellery
 m - an uncursed ring of protection from cold {unknown}
 t - an uncursed ring of fire
 y - an uncursed ring of magical power
Wands
 n - a wand of digging (3)
 q - a wand of polymorph (5)
 L - a wand of flame (18)
Scrolls
 c - 9 scrolls of identify {!r}
 d - 3 scrolls of blinking {!r, unknown}
 e - a scroll of teleportation {!r, unknown}
 i - 2 scrolls of amnesia {!r, unknown}
 k - 2 scrolls of fear {!r, unknown}
 l - a scroll of enchant armour {!r, unknown}
 v - a scroll of vulnerability {!r, unknown}
 D - 2 scrolls of immolation {!r, unknown}
 J - a scroll of remove curse {!r, unknown}
 K - a scroll of random uselessness {!r, unknown}
Potions
 b - 3 potions of flight {!q, unknown}
 f - a potion of brilliance {!q}
 g - a potion of magic {!q, unknown}
 o - 4 potions of heal wounds {!q, unknown}
 p - 6 potions of curing {!q, unknown}
 u - 3 potions of mutation {!q, unknown}
 w - a potion of berserk rage {!q, unknown}
 x - a potion of might {!q, unknown}
 z - 3 potions of lignification {!q, unknown}
 A - a potion of haste {!q}
 B - a potion of stabbing {!q, unknown}
Comestibles
 C - 15 rations
 H - 8 chunks of flesh


   Skills:
 - Level 2.4 Dodging
 - Level 2.4 Stealth
 + Level 11.8 Spellcasting
 * Level 13.9 Ice Magic


You had 12 spell levels left.
You knew the following spells:

 Your Spells              Type           Power        Failure   Level  Hunger
a - Shock                 Conj/Air       ###.         1%          1    None
b - Frozen Ramparts       Ice            ######       1%          3    None
c - Summon Ice Beast      Ice/Summ       #####...     2%          4    None
d - Hailstorm             Conj/Ice       #####...     1%          4    None
e - Airstrike             Air            ###.......   12%         4    None
f - Freeze                Ice            ####         0%          1    None
z - Ozocubu's Armour      Chrm/Ice       #####...     1%          3    None

Your spell library contained the following spells:

 Spells                   Type           Power        Failure   Level  Hunger
 Inner Flame              Hex/Fire       ##......     3%          3    None
 Static Discharge         Conj/Air       ###.....     3%          3    None
 Animate Skeleton         Necr           N/A          4%          1    None
 Apportation              Tloc           ##....       4%          1    None
 Corona                   Hex            ##.....      4%          1    None
 Summon Small Mammal      Summ           ##..         4%          1    None
 Swiftness                Chrm/Air       ###.....     7%          2    None
 Lightning Bolt           Conj/Air       ###.......   30%         5    ###....


Dungeon Overview and Level Annotations

Branches:
Dungeon (9/15)             Temple (1/1) D:7            Lair (0/6) D:9
    Orc: D:9-12

Altars:
Ashenzari
Cheibriados
Dithmenos
Elyvilon
Fedhas
Gozag
Hepliaklqana
Kikubaaqudgha
Nemelex Xobeh
Okawaru
Qazlal
Ru
Sif Muna
Trog
Uskayaw
Vehumet
Wu Jian
Xom
Yredelemnul
Zin
The Shining One

Shops:
D:4 :


Message History

Casting: Shock (safe; 1% risk of failure)
Confirm with . or Enter, or press ? or * to list all spells.
You can't see any susceptible monsters within range! (Use Z to cast anyway.)
Casting: Shock (safe; 1% risk of failure)
Confirm with . or Enter, or press ? or * to list all spells.
The walls around you are covered in ice.
The wall freezes something.
The wall freezes something.
Casting: Frozen Ramparts (safe; 1% risk of failure)
Confirm with . or Enter, or press ? or * to list all spells.
Aiming: Shock (safe; 1% risk of failure)
Press: ? - help, Shift-Dir - straight line You feel a surge of power!
The wall freezes something but do no damage.
Casting: Shock (safe; 1% risk of failure)
Confirm with . or Enter, or press ? or * to list all spells.
Aiming: Shock (safe; 1% risk of failure)
Press: ? - help, Shift-Dir - straight line You feel a surge of power!
The zap hits something.
The wall freezes something.
Casting: Shock (safe; 1% risk of failure)
Confirm with . or Enter, or press ? or * to list all spells.
Aiming: Shock (safe; 1% risk of failure)
Press: ? - help, Shift-Dir - straight line You feel a surge of power!
The zap hits something but does no damage.
The wall freezes something.
Evoke which item? (* to show all) (? for menu, Esc to quit)
Aiming: Throw Flame
Press: ? - help, Shift-Dir - straight line The wall freezes something.
Evoke which item? (* to show all) (? for menu, Esc to quit)
Aiming: Throw Flame
Press: ? - help, Shift-Dir - straight line The puff of flame hits something.
The wall freezes something.
Something hits you. Something bites you!
* * * LOW HITPOINT WARNING * * *
Something draws strength from your injuries!
Evoke which item? (* to show all) (? for menu, Esc to quit)
Aiming: Throw Flame
Press: ? - help, Shift-Dir - straight line The puff of flame hits something.
The frozen ramparts melt away.
Unholy energy fills the air.
* * * LOW HITPOINT WARNING * * *
Evoke which item? (* to show all) (? for menu, Esc to quit)
Aiming: Throw Flame
Press: ? - help, Shift-Dir - straight line Unholy energy fills the air.
* * * LOW HITPOINT WARNING * * *
Casting: Shock (safe; 1% risk of failure)
Confirm with . or Enter, or press ? or * to list all spells.
You can't see any susceptible monsters within range! (Use Z to cast anyway.)
You see here a trident.
You hear some strange, mumbled words.
Something tries to affect you, but you resist.
Really walk into that dispersal trap?
You enter a dispersal trap!
You blink.
Take off which item? (? for menu, Esc to quit)
Okay, then.
Something hits you but does no damage. Something barely misses you.
You closely miss something. Something barely misses you. Something bites you!
* * * LOW HITPOINT WARNING * * *
Something draws strength from your injuries!
Something hits you but does no damage. Something bites you!
You die...

#.# #..# #..# #)# #..#
#..# #.# #..# #..# #.#
#..# #..# #.# #..# #..#
#.# #..# #..# #.# #..#
#..# #.# #..######.§#
####.########...@..§...#
.......................#
########################


There were no monsters in sight!

Vanquished Creatures
  An elephant (D:9)
  4 hippogriffs
  A basilisk (D:9)
  3 yaks (D:9)
  A hungry ghost (D:8)
  Duvessa (D:7)
  2 black bears
  5 orc warriors
  2 ice beasts (D:8)
  A sky beast (D:9)
  A centaur (D:8)
  6 ogres
  A crocodile (D:9)
  2 bullfrogs (D:6)
  A scorpion (D:9)
  Dowan (D:7)
  3 killer bees (D:7)
  5 howler monkeys
  3 crimson imps
  A bullfrog zombie (D:7)
  4 hounds
  3 jellies
  4 orc priests
  3 bullfrog skeletons
  6 orc wizards
  Crazy Yiuf (D:3)
  A centaur skeleton (D:5)
  An iguana (D:5)
  5 worker ants
  2 hound zombies
  A hound skeleton (D:6)
  Robin (D:3)
  3 gnolls (D:5)
  9 adders
  3 howler monkey skeletons
  2 oozes
  An adder zombie (D:5)
  An adder skeleton (D:6)
  2 worms (D:2)
  4 dart slugs
  3 leopard geckos
  33 orcs
  6 giant cockroaches
  13 goblins
  12 hobgoblins
  8 jackals
  6 kobolds
  5 quokkas
  3 ball pythons
  4 bats
  6 frilled lizards
  2 leopard gecko skeletons
  2 quokka skeletons (D:5)
  5 rats
210 creatures vanquished.

Vanquished Creatures (collateral kills)
  A hungry ghost (D:7)
  A jackal skeleton (D:4)
2 creatures vanquished.

Grand Total: 212 creatures vanquished

Notes
Turn   | Place    | Note
-------+----------+-------------------------------------------
     0 | D:1      | Amnesiac the Deep Elf Ice Elementalist began the quest for
                  | the Orb.
     0 | D:1      | Reached XP level 1. HP: 10/10 MP: 6/6
   104 | D:2      | Reached XP level 2. HP: 15/15 MP: 4/8
   200 | D:3      | Found a white marble altar of Elyvilon.
   207 | D:3      | Reached skill level 5 in Ice Magic
   229 | D:4      | Found Lanuj's Book Boutique.
   250 | D:4      | Found a shadowy altar of Dithmenos.
   298 | D:4      | Noticed a howler monkey
   304 | D:4      | Killed a howler monkey
   304 | D:4      | Reached XP level 3. HP: 19/19 MP: 5/10
   314 | D:4      | Reached XP level 4. HP: 14/24 MP: 4/12
   341 | D:4      | Learned a level 3 spell: Frozen Ramparts
   345 | D:4      | Learned a level 3 spell: Ozocubu's Armour
   350 | D:4      | Learned a level 4 spell: Summon Ice Beast
   484 | D:5      | Entered Level 5 of the Dungeon
   549 | D:4      | Found a bloodstained altar of Trog.
   652 | D:4      | Reached skill level 6 in Ice Magic
   761 | D:5      | Got a faintly humming leather armour
   772 | D:5      | Identified the +0 leather armour of the Unbroken {rC+
                  | Str+4} (You found it on level 5 of the Dungeon)
   842 | D:5      | Found a basalt altar of Yredelemnul.
   888 | D:4      | Reached XP level 5. HP: 25/28 MP: 10/14
   903 | D:4      | Noticed an ogre
  1168 | D:4      | Killed an ogre
  1168 | D:4      | Reached skill level 5 in Spellcasting
  1287 | D:4      | Reached skill level 7 in Ice Magic
  1287 | D:4      | Reached XP level 6. HP: 30/32 MP: 11/16
  1293 | D:4      | Learned a level 4 spell: Hailstorm
  1834 | D:5      | Reached skill level 8 in Ice Magic
  1836 | D:5      | Reached XP level 7. HP: 36/36 MP: 15/18
  2439 | D:5      | Reached skill level 9 in Ice Magic
  3200 | D:6      | Reached XP level 8. HP: 30/41 MP: 21/21
  3580 | D:7      | Noticed a hippogriff
  3592 | D:7      | Killed a hippogriff
  3614 | D:7      | Noticed a hippogriff
  3623 | D:7      | Killed a hippogriff
  3623 | D:7      | Reached skill level 10 in Ice Magic
  3700 | D:7      | Noticed Dowan
  3703 | D:7      | Noticed Duvessa
  3708 | D:7      | Killed Dowan
  3708 | D:7      | Killed Duvessa
  3911 | D:7      | Noticed a hippogriff
  3916 | D:7      | Reached skill level 11 in Ice Magic
  3918 | D:7      | Killed a hippogriff
  4005 | D:7      | Reached XP level 9. HP: 38/45 MP: 20/24
  4251 | D:7      | Found a staircase to the Ecumenical Temple.
  4257 | Temple   | Entered the Ecumenical Temple
  4298 | Temple   | Became a worshipper of Vehumet
  5408 | D:2      | Found an ornate altar of the Wu Jian Council.
  5686 | D:2      | Reached * piety under Vehumet
  5686 | D:2      | Offered knowledge of Sandblast by Vehumet.
  6257 | D:3      | Found a sparkling altar of Nemelex Xobeh.
  6303 | D:3      | Noticed Robin
  6318 | D:3      | Killed Robin
  6461 | D:3      | Found a runed translucent door.
  6462 | D:3      | Noticed Crazy Yiuf
  6493 | D:3      | Found a stormy altar of Qazlal.
  6646 | D:3      | Killed Crazy Yiuf
  6921 | D:8      | Reached skill level 10 in Spellcasting
  6932 | D:8      | Offered knowledge of Shock by Vehumet.
  6958 | D:8      | Learned a level 1 spell: Shock
  7000 | D:8      | Reached skill level 12 in Ice Magic
  7039 | D:8      | Reached ** piety under Vehumet
  7091 | D:8      | Found a shimmering blue altar of Sif Muna.
  7641 | D:9      | Learned a level 4 spell: Airstrike
  7717 | D:9      | Found a hide-covered altar of Uskayaw.
  8024 | D:9      | Reached skill level 13 in Ice Magic
  8061 | D:9      | Found an iron altar of Okawaru.
  8095 | D:9      | Offered knowledge of Inner Flame by Vehumet.
  8191 | D:9      | Noticed an elephant
  8252 | D:9      | Killed an elephant
  8252 | D:9      | Reached XP level 10. HP: 35/50 MP: 13/27
  8479 | D:8      | Found a glowing golden altar of the Shining One.
  8479 | D:8      | Found a snail-covered altar of Cheibriados.
  8497 | D:9      | Reached *** piety under Vehumet
  8498 | D:9      | Found a staircase to the Lair.
  8737 | D:9      | Slain by a vampire

Levels and vault maps discovered:
D:1:      enne_arrival_octagon_isle, layout_basic
D:2:      layout_basic, lemuel_doored_altar
D:3:      layout_loops_ring, nicolae_qazlal_eye_of_the_storm,
          lemuel_crystal_altar, elyvilon_altar_5, hex_large,
          hangedman_decor_diamond_cutter, uniq_crazy_yiuf_cottage, uniq_robin
D:4:      layout_basic, kennysheep_mini, bloody_trog, serial_shops,
          nicolae_shop_waterfront, first_ration
D:5:      layout_gridville, kennysheep_mini_moat
D:6:      layout_basic, hangedman_minor_gate_pass
D:7:      layout_basic, minmay_temple_entry_fiery, uniq_duvessa
D:8:      layout_loops_cross, nicolae_overflow_hidden_temple
D:9:      layout_long_grid, marbit_many_paths, okawaru_ov_weapons_minmay,
          eat_drink_and_be_merry_uskayaw, david_lair_generic, david_orc_4,
          grunt_ogre_cave
Temple:   jpeg_temple_island

Skill      XL: |  1  2  3  4  5  6  7  8  9 |
---------------+----------------------------+-----
Ice Magic      | 5 6 7 8 9 11 13 | 13.9
Spellcasting   | 4 5 6 7 9 11 | 11.8
Dodging        | |  2.4
Stealth        | |  2.4

Action                   |  1- 3 |  4- 6 |  7- 9 | 10-12 || total
-------------------------+-------+-------+-------+-------++-------
Melee: Unarmed           |     1 |     7 |       |       ||     8
       Falchion          |       |    12 |    50 |       ||    62
       Long sword        |       |       |    72 |       ||    72
       Staff             |       |       |       |     1 ||     1
Throw: Dart              |       |       |     4 |       ||     4
 Cast: Freeze            |    19 |    25 |    89 |       ||   133
       Frozen Ramparts   |       |     9 |    28 |     6 ||    43
       Summon Ice Beast  |       |     2 |     5 |       ||     7
       Shock             |       |       |   152 |    53 ||   205
       Airstrike         |       |       |     3 |     2 ||     5
Evoke: Wand              |       |       |       |     4 ||     4
  Use: Scroll            |       |       |     2 |       ||     2
 Stab: Sleeping          |       |       |     1 |       ||     1
  Eat: Chunk             |       |     4 |    22 |     2 ||    28
Armor: Robe              |     1 |       |    32 |     9 ||    42
       Leather armour    |       |     4 |    45 |       ||    49
Dodge: Dodged            |    10 |    38 |   173 |    13 ||   234
       Rpst.: Falchion   |       |     5 |    16 |       ||    21
       Long sword        |       |       |    23 |       ||    23

Table legend:
 A = Non-vault XP
 B = Vault XP
 C = Vault XP percentage of total XP
 D = Non-vault monster count
 E = Vault monster count
 F = Vault count percentage of total count
                 A         B        C        D         E       F
            +---------+---------+-------+---------+---------+-------
      Total |    5597 |    1993 |  26.3 |     178 |      34 |  16.0
            +---------+---------+-------+---------+---------+-------
        D:1 |      51 |       0 |   0.0 |      26 |       0 |   0.0
        D:2 |      64 |       0 |   0.0 |      22 |       0 |   0.0
        D:3 |      92 |      76 |  45.2 |      10 |      13 |  56.5
        D:4 |     345 |       0 |   0.0 |      15 |       0 |   0.0
        D:5 |     612 |       0 |   0.0 |      24 |       0 |   0.0
        D:6 |     430 |      18 |   4.0 |      12 |       1 |   7.7
        D:7 |    1634 |     215 |  11.6 |      24 |       2 |   7.7
        D:8 |    1199 |       3 |   0.2 |      30 |       1 |   3.2
        D:9 |    1170 |    1681 |  59.0 |      15 |      17 |  53.1
            +---------+---------+-------+---------+---------+-------
